 Dungeon Crawl Stone Soup version 0.19-a0-36-g4a0968a (webtiles) character file.

58 Zhenya25pyc the Shield-Bearer (level 4, -5/28 HPs)
             Began as a Gargoyle Fighter on May 4, 2016.
             Slain by Sigmund
             ... wielding a +0 scythe
              (6 damage)
             ... on level 2 of the Dungeon.
             The game lasted 00:02:10 (1253 turns).

Zhenya25pyc the Shield-Bearer (Gargoyle Fighter)    Turns: 1253, Time: 00:02:10

Health: -5/28      AC: 11    Str: 21    XL:     4   Next: 2%
Magic:  4/4        EV:  7    Int:  8    God:
Gold:   100        SH:  0    Dex:  9    Spells: 0 memorised, 3 levels left

rFire  . . .     SeeInvis .     a - +0 flail
rCold  . . .     Gourm    .     b - +0 scale mail
rNeg   + . .     Faith    .     c - +0 shield
rPois  ∞         Spirit   .     e - +0 helmet
rElec  +         Dismiss  .     (no cloak)
rCorr  .         Reflect  .     (no gloves)
SustAt .         Harm     .     (no boots)
MR     .....                    (no amulet)
Stlth  ..........               (no ring)
                                (no ring)

@: confused, not resistant to hostile enchantments, extremely unstealthy
A: negative energy resistance 1, electricity resistance, unbreathing,
petrification resistance, rot immunity, AC +3
a: no special abilities


You were on level 2 of the Dungeon.
You were hungry.

You visited 1 branch of the dungeon, and saw 2 of its levels.

You collected 100 gold pieces.

Inventory:

Hand Weapons
 a - a +0 flail (weapon)
Armour
 b - a +0 scale mail (worn)
 c - a +0 shield (worn)
 e - a +0 helmet (worn)
Jewellery
 i - an uncursed amulet of harm {unknown}
Scrolls
 g - a scroll of magic mapping {unknown}
 j - 2 scrolls of amnesia {unknown}
 k - 2 scrolls of identify {unknown}
 n - a scroll of fog {unknown}
Potions
 d - 3 potions of might
 h - a potion of degeneration {unknown}
 l - 2 potions of curing {unknown}
 m - a potion of mutation {unknown}
Comestibles
 f - 2 bread rations


   Skills:
 + Level 3.5 Fighting
 * Level 3.0 Maces & Flails
 + Level 3.8 Armour
 + Level 3.8 Shields


You had 3 spell levels left.
You didn't know any spells.

Dungeon Overview and Level Annotations

Branches:
Dungeon (2/15)

Altars:
Ashenzari

Annotations:
D:2 Sigmund


Innate Abilities, Weirdness & Mutations

You are resistant to torment.
Your stone body is resilient (AC +3).
You are immune to poison.
You resist negative energy.
You are resistant to electric shocks.
You can survive without breathing.
You are immune to petrification.
You are immune to rotting.


Message History

Sigmund is almost dead.
Sigmund points at you and mumbles some strange words.
You are more confused.
You barely miss Sigmund.
Sigmund is almost dead.
Sigmund points at you and mumbles some strange words.
You are more confused.
Sigmund hits you with a scythe.
* * * LOW HITPOINT WARNING * * *
Sigmund hits you with a scythe.
* * * LOW HITPOINT WARNING * * *
You miss Sigmund.
Sigmund is almost dead.
Sigmund barely misses you.
You miss Sigmund.
Sigmund is almost dead.
The goblin hits you.
* * * LOW HITPOINT WARNING * * *
Sigmund hits you with a scythe.
You die...

+.+..#.# #.# #.#..#.#
#.# ####.##'#.# #.#
..........# ## #.#
####.##(#.# . #.#
#..'.')†#.# #####.#.# #
#..#.#..#.#
#.....#@##.#.#+##.####.#
......g@...#...........#
#######.####.#+##.####.#
.........†.# +.'..#.#
##########.#. #.#..#.#
#.#.####.##'#.#
#.#...........#
#.#.####.##'#.#
#.#.#..+.'..#.#
#.#.#).#.#..#.#


You could see Sigmund and a goblin.

Vanquished Creatures
  2 oozes
  2 giant geckos (D:1)
  3 bats
  5 giant cockroaches
  6 goblins
  6 hobgoblins
  4 jackals (D:1)
  4 giant newts (D:1)
  5 kobolds
  4 rats
41 creatures vanquished.

Notes
Turn   | Place    | Note
--------------------------------------------------------------
     0 | D:1      | Zhenya25pyc the Gargoyle Fighter began the quest for the Orb.
     0 | D:1      | Reached XP level 1. HP: 14/14 MP: 1/1
   170 | D:1      | Reached XP level 2. HP: 19/19 MP: 2/2
   701 | D:1      | Reached XP level 3. HP: 22/23 MP: 3/3
   909 | D:2      | Found a shattered altar of Ashenzari.
  1198 | D:2      | Reached XP level 4. HP: 28/28 MP: 4/4
  1238 | D:2      | Noticed Sigmund
  1253 | D:2      | HP: 1/28 [goblin[Robin] (2)]
  1253 | D:2      | Slain by Sigmund

Vault maps used:
D:1:      dpeg_arrival_snail
D:2:      minmay_door_path, lemuel_round_altar,
          gammafunk_pakellas_cloud_experiment, uniq_sigmund, uniq_robin

Skill      XL: |  1  2  3 |
---------------+----------+-----
Maces & Flails | 3 |  3.0
Fighting       | |  3.5
Armour         | |  3.8
Shields        | |  3.8

Action                   |  1- 3 |  4- 6 || total
-------------------------+-------+-------++-------
Melee: Flail             |   175 |    18 ||   193
  Eat: Chunk             |     1 |       ||     1
Armor: Scale mail        |   150 |     9 ||   159
Dodge: Dodged            |    87 |     7 ||    94
Block: Shield            |   138 |     6 ||   144
